 Dungeon Crawl Stone Soup version 0.26.1-11-gd32895ea62 (webtiles) character file.

Game seed: 9607370172633385332

367 Zeld the Chucker (level 6, -10/39 HPs)
             Began as an Octopode Brigand on May 16, 2021.
             Mangled by an orc warrior
             ... wielding a +0 halberd
              (12 damage)
             ... in a bailey.
             The game lasted 00:03:21 (2520 turns).

Zeld the Chucker (Octopode Brigand)                 Turns: 2520, Time: 00:03:22

Health: -10/39     AC:  1    Str: 12    XL:     6   Next: 69%
Magic:  10/10      EV: 13    Int: 17    God:
Gold:   106        SH:  0    Dex: 13    Spells: 11/11 levels left

rFire    . . .     SeeInvis .   l - +1 dagger of Parts Unknown {flame, Int+3}
rCold    . . .     Faith    .   (no shield)
rNeg     . . .     Spirit   .   (helmet restricted)
rPois    .         Reflect  .   (no amulet)
rElec    .         Harm     .   (no ring)
rCorr    .         Rampage  .   (no ring)
Will     .....                  (no ring)
Stlth    ++++......             (no ring)
HPRegen  0.13/turn              (no ring)
MPRegen  0.12/turn              (no ring)
                                (no ring)
                                (no ring)

@: about to teleport, attractive
A: almost no armour, stealthy swim, amphibious, 8 rings, constrict 8, camouflage
1, gelatinous body 1
a: no special abilities


You were in a bailey.
You visited 1 branch of the dungeon, and saw 8 of its levels.
You also visited: Bailey.

You collected 106 gold pieces.

Inventory:

Hand Weapons
 a - a +2 dagger
 k - a +3 dagger
 l - the +1 dagger of Parts Unknown (weapon) {flame, Int+3}
   (You found it on level 6 of the Dungeon)

   It has been specially enchanted to burn those struck by it, causing extra
   injury to most foes and up to half again as much damage against particularly
   susceptible opponents.
   It affects your intelligence (+3).
 n - a +1 dagger of venom
Wands
 i - a wand of digging (5)
Scrolls
 e - a scroll of amnesia
 f - a scroll of identify
 h - 3 scrolls of remove curse
 m - a scroll of holy word
 o - a scroll of enchant armour {unknown}


   Skills:
 - Level 2.0 Fighting
 - Level 2.0 Short Blades
 * Level 5.7 Throwing
 - Level 1.0 Dodging
 - Level 5.3 Stealth
 + Level 3.2 Spellcasting


You had 11 spell levels left.
You didn't know any spells.
Your spell library was empty.

Dungeon Overview and Level Annotations

Branches:
Dungeon (8/15)             Bailey (1/1)
 Temple: D:4-7         Lair: D:8-11

Altars:
Ashenzari
Makhleb

Shops:
D:8 (

Annotations:
D:7 Joseph


Innate Abilities, Weirdness & Mutations

You cannot wear most types of armour.
You are very stealthy in the water. (Stealth+)
You are amphibious.
You can wear up to eight rings at the same time.
You can use your tentacles to constrict eight enemies at once.
Your skin changes colour to match your surroundings (Stealth+).
Your rubbery body absorbs attacks. (AC +1, EV +1)


Message History

The orc warrior is pulled toward you! The orc knight is pulled toward you!
The orc warrior is pulled toward you!
It was a potion of heal wounds.
You feel much better.
An orc warrior comes into view. It is wielding a +0 halberd.
The orc warrior is pulled toward you! x2; The orc knight is pulled toward you!
The orc warrior is pulled toward you! x2
The orc warrior no longer looks unusually strong.
The orc knight barely misses you.
The orc warrior is pulled toward you! x2
There is a gate leading back out of this place here.
You see here a bolt.
You aren't carrying any potions.
Unknown command.
As you read the scroll of teleportation, it crumbles to dust.
You feel strangely unstable. The orc warrior misses you.
The orc warrior hits you from afar with a +0 halberd!
The orc warrior hits you with a cursed -3 arbalest!
* * * LOW HITPOINT WARNING * * *
The orc warrior is pulled toward you!
The orc warrior hits you with a +0 halberd!
You die...

#### ##∩## ####
.((.##...##....
(≈≈..#...#..≈≈≈
≈o≈≈.......≈≈.≈
.oo≈.......≈.∩.
≈o≈≈......o≈≈.≈
#o.o#


#ooo# ##@## ### You could see an orc knight and 4 orc warriors.

Vanquished Creatures
  An ice beast (D:5)
  A bullfrog (D:6)
  A jelly (D:4)
  An orc priest (D:6)
  A bullfrog skeleton (D:6)
  An orc wizard (D:6)
  A worker ant (D:4)
  3 adders
  An ooze (D:6)
  An adder zombie (D:8)
  7 orcs
  2 giant cockroaches
  A quokka (D:7)
  2 ball pythons
  6 bats
  4 frilled lizards
  2 goblins (D:2)
  3 rats
39 creatures vanquished.

Notes
Turn   | Place    | Note
-------+----------+-------------------------------------------
     0 | D:1      | Zeld the Octopode Brigand began the quest for the Orb.
     0 | D:1      | Reached XP level 1. HP: 14/14 MP: 1/1
   322 | D:2      | Reached XP level 2. HP: 19/19 MP: 2/2
   459 | D:2      | Reached skill level 1 in Spellcasting
   655 | D:2      | Reached XP level 3. HP: 16/24 MP: 4/4
   869 | D:4      | Found a broken altar of Ashenzari.
   886 | D:4      | Reached XP level 4. HP: 21/29 MP: 4/6
  1412 | D:5      | Entered Level 5 of the Dungeon
  1431 | D:5      | Noticed an ice beast
  1455 | D:5      | Killed an ice beast
  1456 | D:5      | Reached XP level 5. HP: 10/34 MP: 8/8
  1794 | D:6      | Got a faintly glowing dagger
  1809 | D:6      | Identified the +1 dagger of Parts Unknown {flame, Int+3}
                  | (You found it on level 6 of the Dungeon)
  1816 | D:6      | Reached skill level 5 in Throwing
  1816 | D:6      | Reached XP level 6. HP: 37/39 MP: 8/10
  2378 | D:7      | Noticed Joseph
  2378 | D:7      | Noticed a phantom
  2405 | D:8      | Found Cuzolag's Weapon Shop.
  2432 | D:8      | Found a flagged portal.
  2443 | D:8      | Found a burning altar of Makhleb.
  2464 | D:8      | Noticed an ogre mage
  2499 | Bailey   | Entered a bailey
  2499 | Bailey   | Noticed an orc warrior
  2499 | Bailey   | Noticed an orc warrior
  2499 | Bailey   | Noticed an orc knight
  2501 | Bailey   | Noticed an orc warrior
  2502 | Bailey   | Noticed an orc warrior
  2502 | Bailey   | Noticed an orc warrior
  2517 | Bailey   | Noticed an orc warrior
  2519 | Bailey   | HP: 1/39 [orc warrior/cursed -3 arbalest (13)]
  2520 | Bailey   | Mangled by an orc warrior

Illustrated notes

Levels and vault maps discovered:
D:1:      wander_arrival_lonely_grave, layout_loops_corners
D:2:      layout_basic, grunt_dithmenos_smoke_and_mirrors, trog_butcher_becter
D:3:      layout_basic, lemuel_round_altar, tso_oasis_becter,
          gammafunk_temple_overflow_claw, nemelex_altar_shiori
D:4:      layout_loops_ring, nzn_wu_jian_council_hall,
          cheibrodos_ashenzari_chains, hangedman_minor_gate_pass
D:5:      layout_basic, okawaru_trees_1, st_stairs_9,
          chequers_serial_rivers_marsh, uniq_edmund
D:6:      layout_loops_ring
D:7:      layout_rooms, nicolae_overflow_hidden_temple,
          minmay_temple_entry_ruins, kennysheep_cross_room, uniq_menkaure,
          uniq_joseph
D:8:      minmay_the_grid_triangle_9x9_recursive_2
          [minmay_the_grid_triangle_9x9_prize_special,
          minmay_the_grid_triangle_9x9_corruption,
          minmay_the_grid_triangle_9x9_wacky_v,
          minmay_the_grid_triangle_9x9_shrine], layout_basic, serial_shops,
          nicolae_shop_waterfront, shop, shop_statue, nicolae_shop_crystal,
          kennysheep_mini_moat, enter_bailey_1, uniq_psyche, uniq_maggie
Bailey:   bailey_polearm_4, bailey

Skill      XL: |  1  2  3  4  5  6 |
---------------+-------------------+-----
Spellcasting   | 1 2 3 |  3.2
Throwing       | 3 4 5 |  5.7
Fighting       | |  2.0
Short Blades   | |  2.0
Dodging        | |  1.0
Stealth        | |  5.3

Action                   |  1- 3 |  4- 6 || total
-------------------------+-------+-------++-------
Melee: Dagger            |    40 |    55 ||    95
       Constrict         |     8 |    10 ||    18
       Tentacles         |     8 |     8 ||    16
Throw: Dart              |       |    10 ||    10
  Use: Scroll            |       |     5 ||     5
       Potion            |       |     2 ||     2
 Stab: Sleeping          |     9 |     7 ||    16
Armor: Skin              |     7 |     4 ||    11
Dodge: Dodged            |    29 |    26 ||    55
